Map: Ultralove

Players

iPlayDefense

  • Race: Terran Terran
  • Spawn Location: 1:00

VOD

Have the link to the VOD?

Description

Time

  • Played on: April 12, 2025, 12:09 p.m.
  • Length: 8:59
Show
View Real Time Build Order
Export as new Build Order

iPlayDefense Terran 

Build Orders:  

Get SALT Encoding   

  12  0:01  SCV  
  13  0:18  SCV  
  14  0:34  SCV  
  14  0:39  Supply Depot  
  15  1:09  SCV  
  16  1:12  Barracks  
  16  1:26  SCV  
  17  1:43  SCV, Refinery  
  18  2:00  SCV  
  19  2:33  SCV  
  20  2:50  SCV  
  20  2:52  Refinery  
  21  3:01  Marine  
  22  3:11  Supply Depot  
  22  3:17  Orbital Command  
  22  3:26  Marine  
  23  3:43  Factory  
  23  3:51  Marine  
  23  3:55  SCV  
  25  4:12  SCV  
  25  4:16  Marine  
  27  4:22  Engineering Bay  
  27  4:41  Marine  
  27  4:45  Starport  
  27  4:49  Factory Tech Lab  
  28  5:01  SCV  
  28  5:06  Marine  
  30  5:24  Barracks  
  30  5:31  Marine  
  31  5:48  Command Center  
  31  6:05  Terran Infantry Weapons Level 1  
  31  6:09  Starport Reactor  
  31  6:17  Armory  
  31  6:30  Barracks  
  31  7:16  Supply Depot  
  31  7:28  SCV, Marine, Siege Tank  
  39  7:45  SCV  
  40  7:53  Marine  
  41  8:03  Supply Depot  
  41  8:16  Supply Depot  
  41  8:18  Marine  
  39  8:28  Unknown  
  33  8:36  Supply Depot  
  29  8:52  Supply Depot, Factory Tech Lab  
Tags
 
Matchup
Co-op
Replay Pack
DaveSC2
Add a new tag
Caveats
  • Supply blocks, unpowered buildings, or Contaminate may cause inaccurate times.
  • Supply counts are checked every 10 seconds.